 Dungeon Crawl Stone Soup version 0.20.1-1-g8b1a95d (webtiles) character file.

1098 codl the Poker (level 8, -7/64 HPs)
             Began as a Demonspawn Abyssal Knight on Aug 16, 2017.
             Was a Priest of Lugonu.
             Killed from afar by an orc wizard (10 damage)
             ... with a puff of flame
             ... on level 6 of the Dungeon on Dec 3, 2017.
             The game lasted 00:43:56 (4490 turns).

codl the Poker (Demonspawn Abyssal Knight)          Turns: 4490, Time: 00:43:57

Health: -7/64      AC:  3    Str: 14    XL:     8   Next: 10%
Magic:  9/9        EV: 12    Int: 15    God:    Lugonu [***...]
Gold:   144        SH:  0    Dex: 12    Spells: 7/7 levels left

rFire    . . .     SeeInvis .   a - +3 long sword (vamp)
rCold    . . .     Gourm    +   (no shield)
rNeg     . . .     Faith    .   v - +1 robe {MR+}
rPois    .         Spirit   .   (no helmet)
rElec    .         Reflect  .   (no cloak)
rCorr    .         Harm     .   (no gloves)
MR       +....                  (no boots)
Stlth    +.........             n - amulet of the gourmand
Regen    0.2/turn               h - +3 ring of slaying
MPRegen  0.2/turn               (no ring)

@: no status effects
A: hooves 2, powered by death 1, rot immunity
a: Depart the Abyss, Bend Space, Banish, Renounce Religion


You were on level 6 of the Dungeon.
You worshipped Lugonu.
Lugonu was most pleased with you.
You were full.

You visited 1 branch of the dungeon, and saw 6 of its levels.
You visited the Abyss 1 time.

You collected 501 gold pieces.
You spent 357 gold pieces at shops.

Inventory:

Hand Weapons
 a - a +3 vampiric long sword (weapon)
 b - a +2 hunting sling of freezing
 I - a +1 spear
Missiles
 i - 201 stones (quivered)
Armour
 v - a +1 robe of magic resistance (worn)
 D - a +0 leather armour
Jewellery
 h - a +3 ring of slaying (left hand)
 n - an amulet of the gourmand (around neck)
 H - a +5 ring of protection {unknown}
 J - a +2 ring of evasion {unknown}
Wands
 t - a wand of flame (26/48)
 u - a wand of enslavement (14/24)
Scrolls
 d - 3 scrolls of immolation
 g - 2 scrolls of blinking {unknown}
 j - a scroll of enchant weapon {unknown}
 m - 6 scrolls of remove curse
 o - a scroll of enchant armour
 w - a scroll of noise {unknown}
 y - 4 scrolls of identify
 B - 2 scrolls of teleportation {unknown}
 C - a scroll of amnesia {unknown}
Potions
 e - 2 potions of lignification
 k - a potion of heal wounds {unknown}
 p - a potion of brilliance {unknown}
 q - 2 potions of cancellation {unknown}
 r - a potion of invisibility {unknown}
 s - a potion of mutation {unknown}
 x - 2 potions of agility {unknown}
 A - a potion of berserk rage {unknown}
 F - a potion of ambrosia {unknown}
 G - a potion of might {unknown}
Comestibles
 c - 4 bread rations
 f - a fruit
 l - 4 meat rations
 z - 2 royal jellies
 E - a chunk of flesh


   Skills:
 + Level 5.7 Fighting
 + Level 2.0 Long Blades
 + Level 5.8 Polearms
 + Level 2.0 Slings
 + Level 2.5 Armour
 + Level 2.2 Dodging
 + Level 1.9 Stealth
 + Level 2.5 Invocations


You had 7 spell levels left.
You didn't know any spells.

Dungeon Overview and Level Annotations

Branches:
Dungeon (6/15)
 Temple: D:4-7

Altars:
Cheibriados
Yredelemnul

Shops:
D:5 *((   D:6 (

Portals:
Sewer: D:3


Innate Abilities, Weirdness & Mutations

You have hoof-like feet.
You regenerate a little health from kills.
You are immune to rotting.


Message History

The orc wizard closely misses you.
The orc wizard hits you with a dagger of speed.
* * * LOW HITPOINT WARNING * * *
You barely miss the orc wizard.
The orc wizard hits you but does no damage.
The orc wizard misses you.
The bullfrog hits you but does no damage.
You hit the orc wizard.
You feel better.
Your kick misses the orc wizard.
The orc wizard is moderately wounded.
The orc wizard hits you but does no damage.
The bullfrog closely misses you. The orc wizard completely misses you.
You riposte.
You closely miss the orc wizard. Your kick misses the orc wizard.
The orc wizard is moderately wounded.
The bullfrog hits you.
* * * LOW HITPOINT WARNING * * *
The orc wizard hits you but does no damage.
You hear some strange, mumbled words.
A puff of flame appears from out of thin air!
The puff of flame hits you!
You die...

#?......#)#....# #.
####.#.o#.#....+ #.
#.##o#)#...(#.. #..
#...o#.†.......
#.####....##........
#..........#........
##...Z.....#........
#..o...............
#..@F....#.#.#.#.#(
##............$....
#'#####.#....(..#.
.. ...... ... .#...
.... .. ..... (....#


You could see a bullfrog, 2 orc wizards, 2 orcs and a centaur skeleton.

Vanquished Creatures
  The ghost of Frank the Slasher, a novice OpFi (D:5)
  A sky beast (D:6)
  2 bullfrogs (D:6)
  2 bullfrog zombies (D:5)
  A crimson imp (D:6)
  A jelly (D:5)
  An orc priest (D:4)
  4 hounds (D:5)
  2 orc wizards (D:6)
  3 worker ants
  3 gnolls (D:5)
  A howler monkey skeleton (D:4)
  4 adders
  A shadow imp (D:5)
  3 worms
  An adder skeleton (D:4)
  3 dart slugs
  2 leopard geckos
  14 orcs
  13 bats
  2 giant cockroaches
  6 goblins
  9 hobgoblins
  4 jackals
  5 kobolds
  2 quokkas
  2 frilled lizards
  A leopard gecko skeleton (D:4)
  7 rats
101 creatures vanquished.

Vanquished Creatures (others)
  An orc wizard (D:6)
1 creature vanquished.

Grand Total: 102 creatures vanquished

Notes
Turn   | Place    | Note
-------+----------+-------------------------------------------
     0 | Abyss:1  | codl the Demonspawn Abyssal Knight began the quest for the Orb.
     0 | Abyss:1  | Reached XP level 1. HP: 18/18 MP: 2/2
    11 | D:1      | Escaped the Abyss
   218 | D:1      | Gained mutation: You regenerate a little health from kills. [demonic ancestry]
   218 | D:1      | Reached XP level 2. HP: 18/24 MP: 3/3
   503 | D:1      | Reached ** piety under Lugonu
   563 | D:2      | Reached XP level 3. HP: 16/29 MP: 4/4
  1336 | D:2      | Reached skill level 1 in Dodging
  1515 | D:3      | Found a glowing drain.
  1541 | D:3      | Gained mutation: You are immune to rotting. [demonic ancestry]
  1541 | D:3      | Reached XP level 4. HP: 28/37 MP: 5/5
  2100 | D:4      | Reached XP level 5. HP: 20/42 MP: 6/6
  2148 | D:4      | Found a transporter.
  2202 | D:4      | Found a transporter.
  2530 | D:4      | Reached *** piety under Lugonu
  3281 | D:5      | Entered Level 5 of the Dungeon
  3284 | D:5      | Found Vakuv's General Store.
  3312 | D:5      | Found a basalt altar of Yredelemnul.
  3315 | D:5      | Noticed Frank's ghost (novice OpFi)
  3338 | D:5      | Killed Frank's ghost
  3338 | D:5      | Reached skill level 1 in Slings
  3338 | D:5      | Reached skill level 1 in Stealth
  3338 | D:5      | Gained mutation: You have large cloven feet. [demonic ancestry]
  3338 | D:5      | Reached XP level 6. HP: 18/50 MP: 7/7
  3575 | D:5      | Gained mutation: You have hoof-like feet. [demonic ancestry]
  3575 | D:5      | Reached XP level 7. HP: 55/55 MP: 8/8
  3585 | D:5      | Found a snail-covered altar of Cheibriados.
  3587 | D:5      | Found Wuxeicim's Weapon Boutique.
  3698 | D:5      | Reached skill level 5 in Fighting
  3704 | D:5      | Reached skill level 5 in Polearms
  4014 | D:5      | Found Ismoptor's Antique Weapon Shoppe.
  4212 | D:5      | Bought a +3 vampiric long sword for 357 gold pieces
  4428 | D:6      | Reached skill level 1 in Long Blades
  4439 | D:6      | Reached XP level 8. HP: 44/63 MP: 9/9
  4461 | D:6      | Found Kubithoy's Weapon Boutique.
  4488 | D:6      | HP: 3/64 [bullfrog (6)]
  4490 | D:6      | Killed from afar by an orc wizard

Skill      XL: |  1  2  3  4  5  6  7  8 |
---------------+-------------------------+-----
Armour         | 2 |  2.5
Polearms       | 2 3 4 5 |  5.8
Dodging        | 1 2 |  2.2
Fighting       | 4 5 |  5.7
Slings         | 1 2 |  2.0
Stealth        | 1 |  1.9
Long Blades    | 1 2 |  2.0
Invocations    | |  2.5

Action                   |  1- 3 |  4- 6 |  7- 9 || total
-------------------------+-------+-------+-------++-------
Melee: Spear             |   121 |   107 |    44 ||   272
       Long sword        |       |       |    49 ||    49
       Kick              |       |       |    20 ||    20
 Fire: Hunting sling     |       |    14 |     2 ||    16
Invok: Bend Space        |       |       |     1 ||     1
  Use: Scroll            |     3 |     3 |       ||     6
 Stab: Sleeping          |       |     1 |       ||     1
  Eat: Chunk             |     8 |    12 |     9 ||    29
Armor: Leather armour    |    23 |     1 |       ||    24
       Robe              |       |    16 |    12 ||    28
Dodge: Dodged            |    44 |    51 |    61 ||   156
       Rpst.: Long sword |       |       |    15 ||    15
